 Dungeon Crawl Stone Soup version 0.28.0-49-g6dfe1f597d (webtiles) character file.

Game seed: 6309798082676879703

9524 klau3 the Basher (level 11, -4/97 HPs)
             Began as a Minotaur Berserker on May 16, 2022.
             Was an Elder of Trog.
             Slain by a blink frog (8 damage)
             ... on level 1 of the Lair of Beasts.
             The game lasted 00:33:46 (11820 turns).

klau3 the Basher (Minotaur Berserker)              Turns: 11820, Time: 00:33:48

Health: -4/97      AC: 25    Str: 26    XL:     11   Next: 24%
Magic:  0/10       EV:  6    Int:  7    God:    Trog [****..]
Gold:   667        SH:  3    Dex:  7    Spells: 10/10 levels left

rFire   + + .      SeeInvis .   r - +7 mace "Cein Vemnounn" {speed, rPois Str+2 Int+3}
rCold   + + .      Faith    .   Q - +0 buckler
rNeg    + + .      Spirit   +   M - +1 gold dragon scales
rPois   +          Reflect  .   x - +1 hat
rElec   +          Harm     .   S - +0 cloak
rCorr   +          Rampage  +   (no gloves)
Will    .....                   L - +2 pair of boots {rampage}
Stlth   ..........              n - amulet of guardian spirit
HPRegen 0.26/turn               k - ring of poison resistance
MPRegen 0.12/turn               B - ring of Ascent {rPois rN++ rCorr Dex-5}

@: resistant, on berserk cooldown, slowed, very slow
A: horns 2, retaliatory headbutt
a: Renounce Religion, Berserk, Trog's Hand, Brothers in Arms


You were on level 1 of the Lair of Beasts.
You worshipped Trog.
Trog was greatly pleased with you.
You visited 2 branches of the dungeon, and saw 10 of its levels.
You also visited: Bailey.

You collected 667 gold pieces.

Inventory:

Hand Weapons
 a - a +0 hand axe
 h - a +5 hand axe of flaming
 r - the +7 mace "Cein Vemnounn" (weapon) {speed, rPois Str+2 Int+3}
   (You found it on level 4 of the Dungeon)

   Attacks with this weapon are significantly faster.
   Str:       It affects your strength (+2).
   Int:       It affects your intelligence (+3).
   rPois:     It protects you from poison.
 D - a +5 spear
 F - a +0 broad axe
 O - a +0 shortbow
Missiles
 i - 29 poisoned darts (quivered)
 l - 231 arrows
 P - 6 curare-tipped darts
Armour
 b - a +0 animal skin
 j - a +0 chain mail
 u - a +0 plate armour
 x - a +1 hat (worn)
 G - +0 steam dragon scales
 H - a scarf of shadows
 L - a +2 pair of boots of rampaging (worn)
 M - +1 gold dragon scales (worn)
 N - the +8 plate armour of the Bagpipe {Harm rF- Int+9 Stlth-}
   (You found it on level 8 of the Dungeon)

   Int:       It affects your intelligence (+9).
   rF:        It makes you vulnerable to fire.
   Harm:      It increases damage dealt and taken.
   Stlth:     It makes you less stealthy.
 Q - a +0 buckler (worn)
 S - a +0 cloak (worn)
Jewellery
 k - a ring of poison resistance (left hand)
 n - an amulet of guardian spirit (around neck)
 t - a ring of willpower
 B - the ring of Ascent (right hand) {rPois rN++ rCorr Dex-5}
   (You found it on level 6 of the Dungeon)

   [ring of resist corrosion]

   Dex:       It affects your dexterity (-5).
   rPois:     It protects you from poison.
   rN:        It greatly protects you from negative energy.
   rCorr:     It protects you from acid and corrosion.
Wands
 g - a wand of flame (8)
 w - a wand of acid (7)
 R - a wand of iceblast (9)
Scrolls
 d - a scroll of holy word {unknown}
 f - 2 scrolls of acquirement
 m - 5 scrolls of fog
 o - a scroll of teleportation {unknown}
 p - 2 scrolls of fear {unknown}
 q - a scroll of blinking {unknown}
 s - a scroll of torment
 y - a scroll of magic mapping {unknown}
 C - 2 scrolls of identify
Potions
 c - 3 potions of invisibility
 e - 5 potions of curing
 v - 3 potions of flight
 z - a potion of lignification {unknown}
 A - a potion of heal wounds {unknown}
 I - a potion of berserk rage {unknown}
 J - a potion of attraction {unknown}
 T - a potion of brilliance {unknown}
Miscellaneous
 K - a box of beasts (inert)


   Skills:
 + Level 9.6 Fighting
 + Level 7.1(10.4) Axes
 + Level 11.9(12.7) Maces & Flails
 + Level 4.2 Throwing
 + Level 11.8 Armour
 + Level 4.0 Dodging
 + Level 1.9 Stealth
 + Level 0.9 Shields
 + Level 0.7 Unarmed Combat


You had 10 spell levels left.
You didn't know any spells.
Your spell library was empty.

Dungeon Overview and Level Annotations

Branches:
Dungeon (9/15)             Temple (0/1) D:6            Lair (1/6) D:9
    Orc (0/2) D:9          Bailey (visited)

Altars:
Ashenzari
Cheibriados
Fedhas
Hepliaklqana
Nemelex Xobeh
Qazlal
Ru
Trog
Uskayaw
Vehumet
Wu Jian

Annotations:
D:7 2 transporters, issech's ghost, novice TrMo


Innate Abilities, Weirdness & Mutations

You have a pair of horns on your head.
You reflexively headbutt those who attack you in melee.


Message History

You block the cane toad's attack.
The blink frog hits you but does no damage.
The yak closely misses you. You furiously retaliate!
You headbutt the yak, but do no damage. The yak gores you but does no damage.
The blink frog hits you.
The blink frog hits you but does no damage.
The blink frog completely misses you. x2; You furiously retaliate!
You headbutt the blink frog. The yak gores you but does no damage.
The cane toad stings you!
The blink frog blinks!
You sock the blink frog!
The blink frog is heavily wounded.
The blink frog hits you but does no damage.
The blink frog hits you. The blink frog barely misses you.
The cane toad barely misses you.
The blink frog blinks!
The yak gores you.
The blink frog blinks!
The blink frog barely misses you.
You feel better. The blink frog barely misses you. The cane toad stings you!
The blink frog blinks!
The blink frog hits you but does no damage.
The yak gores you but does no damage.
The blink frog hits you but does no damage.
The yak gores you!
* * * LOW HITPOINT WARNING * * *
The cane toad stings you but does no damage.
The blink frog hits you but does no damage. x2
The yak gores you.
* * * LOW HITPOINT WARNING * * *
You open the lid... ...and a juvenile shockox beast leaps out!
The box is emptied!
The blink frog hits you but does no damage.
The yak gores you but does no damage. The blink frog closely misses you.
You furiously retaliate!
You headbutt the blink frog!
The cane toad stings you but does no damage.
You block the yak's attack. The yak gores you.
* * * LOW HITPOINT WARNING * * *
The blink frog hits you but does no damage.
The cane toad stings you!
* * * LOW HITPOINT WARNING * * *
The blink frog hits you!
You die...

........#......
.....#..F....
##.#§..............
#......?..........#
##.................##
#....†..............#
##....HY............#
#P....FFY.....[....#####
##....F@F........####.##
#.....FY...............
#....#..........)......
#.....#############.....
##.#.# #P.... ####
###... #... ###. ##


You could see 3 yaks, a cane toad, 5 blink frogs and a friendly juvenile shockox
beast (summoned).

Vanquished Creatures
  Pikel (D:6)
  An orc knight (Bailey)
  Joseph (D:9)
  Psyche (D:9)
  A cane toad (Lair:1)
  2 komodo dragons (D:9)
  Maggie (D:7)
  A troll (D:9)
  2 blink frogs (Lair:1)
  A vampire (D:9)
  7 yaks (Lair:1)
  A wyvern (D:9)
  A wraith (D:9)
  Sigmund (D:6)
  A basilisk (D:9)
  A steam dragon (D:9)
  Edmund (D:5)
  Menkaure (D:4)
  A water moccasin (Lair:1)
  8 orc warriors
  A black bear (D:5)
  An ice beast (D:5)
  2 necrophages
  5 ogres
  5 centaurs
  A phantom (D:4)
  Blork the orc (D:6)
  4 kobold brigands
  2 gnoll sergeants (D:8)
  4 bullfrogs
  2 scorpions (D:5)
  A wyvern zombie (D:9)
  A water moccasin skeleton (D:6)
  4 wights (D:8)
  A centaur zombie (D:9)
  A bullfrog zombie (D:6)
  3 hounds
  6 orc priests
  2 jellies (D:7)
  Terence (D:3)
  11 orc wizards
  A hound skeleton (D:4)
  15 gnolls
  6 adders
  A shadow imp (D:8)
  2 white imps (D:5)
  2 adder skeletons (D:4)
  A worm (D:4)
  2 dart slugs
  59 orcs
  4 ball pythons
  4 endoplasms
  2 giant cockroaches (D:1)
  14 goblins
  9 hobgoblins
  57 kobolds
  7 quokkas
  3 bats
  A frilled lizard (D:1)
  6 rats
290 creatures vanquished.

Vanquished Creatures (others)
  An orc wizard (D:6)
  An orc (D:6)
  19 plants (D:4)
21 creatures vanquished.

Grand Total: 311 creatures vanquished

Notes
Turn   | Place    | Note
-------+----------+-------------------------------------------
     0 | D:1      | klau3 the Minotaur Berserker began the quest for the Orb.
     0 | D:1      | Reached XP level 1. HP: 19/19 MP: 0/0
   252 | D:1      | Reached XP level 2. HP: 19/27 MP: 1/1
   750 | D:1      | Reached XP level 3. HP: 14/34 MP: 2/2
   983 | D:1      | Reached ** piety under Trog
  1736 | D:2      | Found a snail-covered altar of Cheibriados.
  1856 | D:2      | Reached XP level 4. HP: 33/41 MP: 3/3
  2367 | D:3      | Noticed Terence
  2380 | D:3      | Killed Terence
  2381 | D:3      | Reached skill level 5 in Fighting
  2560 | D:3      | Noticed an ogre
  2569 | D:3      | Killed an ogre
  2570 | D:3      | Reached skill level 5 in Axes
  2570 | D:3      | Reached XP level 5. HP: 48/48 MP: 2/4
  2617 | D:3      | Reached skill level 1 in Stealth
  2617 | D:3      | Reached XP level 6. HP: 56/56 MP: 3/5
  2906 | D:3      | Reached *** piety under Trog
  3403 | D:3      | Found an ornate altar of the Wu Jian Council.
  3495 | D:3      | Found a broken altar of Ashenzari.
  3788 | D:3      | Reached XP level 7. HP: 23/63 MP: 3/6
  4338 | D:4      | Identified the +7 mace "Cein Vemnounn" {speed, rPois Str+2
                  | Int+3}
  4479 | D:4      | Reached skill level 5 in Armour
  4725 | D:4      | Found a bloodstained altar of Trog.
  4771 | D:4      | Noticed Menkaure
  4785 | D:4      | Killed Menkaure
  4786 | D:4      | Reached skill level 1 in Maces & Flails
  5154 | D:5      | Entered Level 5 of the Dungeon
  5185 | D:5      | Reached XP level 8. HP: 54/71 MP: 4/7
  5476 | D:5      | Noticed Edmund
  5485 | D:5      | Killed Edmund
  5486 | D:5      | Reached skill level 5 in Maces & Flails
  5786 | D:6      | Noticed Pikel
  5806 | D:6      | Reached **** piety under Trog
  5822 | D:6      | Noticed Blork the orc
  5832 | D:6      | Killed Blork the orc
  5872 | D:5      | Identified a scroll of acquirement
  6097 | D:6      | Killed Pikel
  6098 | D:6      | Reached XP level 9. HP: 81/81 MP: 6/8
  6306 | D:6      | Reached skill level 1 in Throwing
  6358 | D:6      | Found a sacrificial altar of Ru.
  6367 | D:6      | Found a blossoming altar of Fedhas.
  6370 | D:6      | Found a sparkling altar of Nemelex Xobeh.
  6611 | D:6      | Found a radiant altar of Vehumet.
  6751 | D:6      | Found a staircase to the Ecumenical Temple.
  6758 | D:6      | Identified the ring of Ascent {rPois rN++ rCorr Dex-5}
  6766 | D:6      | Noticed Sigmund
  6776 | D:6      | Killed Sigmund
  6868 | D:6      | Found a hazy altar of Hepliaklqana.
  6868 | D:6      | Found a stormy altar of Qazlal.
  6970 | D:6      | Identified the +1 leather armour of Pandemonium {rElec rN+}
  7164 | D:7      | Found a transporter.
  7185 | D:7      | Found a bloodstained altar of Trog.
  7185 | D:7      | Noticed issech's ghost (novice TrMo)
  7187 | D:7      | Noticed a two-headed ogre
  7191 | D:7      | Noticed a moth of wrath
  7200 | D:7      | Found a transporter.
  7546 | D:7      | Noticed Maggie
  7550 | D:7      | Killed Maggie
  7975 | D:8      | Found a hide-covered altar of Uskayaw.
  8074 | D:8      | Reached skill level 10 in Maces & Flails
  8298 | D:8      | Found a flagged portal.
  8309 | D:8      | Reached XP level 10. HP: 89/89 MP: 5/9
  8318 | Bailey   | Entered a bailey
  8496 | Bailey   | Noticed an orc knight
  8908 | Bailey   | Killed an orc knight
  9737 | D:8      | Identified the +8 plate armour of the Bagpipe {Harm rF-
                  | Int+9 Stlth-}
 10120 | D:9      | Noticed Joseph
 10140 | D:9      | Killed Joseph
 10173 | D:9      | Noticed Psyche
 10180 | D:9      | Killed Psyche
 10234 | D:9      | Reached skill level 10 in Armour
 10522 | D:9      | Found a staircase to the Orcish Mines.
 10967 | D:9      | Found a staircase to the Lair.
 11514 | D:9      | Reached XP level 11. HP: 97/97 MP: 8/10
 11644 | Lair:1   | Entered Level 1 of the Lair of Beasts
 11820 | Lair:1   | HP: 4/97 [cane toad (13)]
 11820 | Lair:1   | Slain by a blink frog

Illustrated notes

Levels and vault maps discovered:
D:1:      saegor_arrival_miasma, layout_loops_ring, chequers_hall_statues_y
D:2:      layout_loops_ring, basic_altar, chequers_serial_rivers_marsh,
          minmay_quantized
D:3:      minmay_goblin_kobold_castle, layout_loops_ring,
          mainiacjoe_overflow_big_doors, uniq_terence
D:4:      layout_gridville, trog_butcher_becter, serial_bayou,
          serial_bayou_lake_a, serial_bayou_pond_d, serial_bayou_pond_e,
          serial_bayou_shore_b, uniq_menkaure
D:5:      layout_rooms, uniq_edmund
D:6:      layout_cave_pools, grunt_temple_overflow_diamond,
          mainiacjoe_overflow_concentric_impassable,
          mainiacjoe_overflow_large_starburst, minmay_temple_entry_wispy,
          uniq_pikel, uniq_blork_the_orc, uniq_sigmund
D:7:      layout_loops_ring, gammafunk_ghost_wrathful_warriors, uniq_maggie
D:8:      layout_loops_ring, mainiacjoe_overflow_chevrons, enter_bailey_3
D:9:      layout_gridville, erik_lair_dragon, orc_0_dummy, uniq_psyche,
          uniq_joseph
Lair:1:   layout_cave_pods, nicolae_volcano_entry_lava_flow,
          gauntlet_entry_generic, grunt_megastairs_3

Skill      XL: |  1  2  3  4  5  6  7  8  9 10 |
---------------+-------------------------------+-----
Axes           | 4 5 6 7 |  7.1
Fighting       | 4 5 6 7 8 9 |  9.6
Armour         | 3 4 5 7 9 11 | 11.8
Dodging        | 3 4 |  4.0
Stealth        | 1 |  1.9
Maces & Flails | 2 6 10 11 | 11.9
Throwing       | 1 4 |  4.2
Shields        | |  0.9
Unarmed Combat | |  0.7

Action                   |  1- 3 |  4- 6 |  7- 9 | 10-12 || total
-------------------------+-------+-------+-------+-------++-------
Melee: Hand axe          |    76 |   139 |     8 |       ||   223
       Headbutt          |    10 |    18 |    32 |    43 ||   103
       Punch             |       |     2 |     2 |       ||     4
       Mace              |       |       |   246 |   248 ||   494
       Unarmed           |       |       |       |     4 ||     4
Throw: Dart              |       |       |     8 |    35 ||    43
Invok: Berserk           |       |     5 |    16 |    11 ||    32
       Trog's Hand       |       |     2 |     6 |     4 ||    12
Evoke: Box of beasts     |       |       |       |     1 ||     1
  Use: Scroll            |       |       |     6 |     2 ||     8
       Potion            |       |       |     1 |     2 ||     3
 Stab: Sleeping          |     1 |       |       |       ||     1
Armor: Animal skin       |     7 |       |       |       ||     7
       Chain mail        |    15 |    84 |    37 |       ||   136
       Plate armour      |       |       |   115 |    61 ||   176
       Gold dragon scale |       |       |       |   136 ||   136
Dodge: Dodged            |    50 |    58 |   103 |   104 ||   315
Block: Buckler           |       |       |       |    20 ||    20
